 Dungeon Crawl Stone Soup version 0.20.1-1-g8b1a95d (console) character file.

1402 Kloppie the Basher (level 8, -5/73 HPs)
             Began as a Minotaur Fighter on July 13, 2017.
             Was an Initiate of Makhleb.
             Slain by zebratul's ghost (12 damage)
             ... on level 6 of the Dungeon.
             The game lasted 00:04:13 (3332 turns).

Kloppie the Basher (Minotaur Fighter)               Turns: 3332, Time: 00:04:14

Health: -5/73      AC:  7    Str: 28    XL:     8   Next: 42%
Magic:  7/7        EV: 10    Int:  5    God:    Makhleb [......]
Gold:   214        SH:  0    Dex: 10    Spells: 7/7 levels left

rFire    . . .     SeeInvis .   a - +0 flail
rCold    . . .     Gourm    +   (no shield)
rNeg     + . .     Faith    .   b - +0 scale mail
rPois    .         Spirit   .   (helmet restricted)
rElec    .         Reflect  .   (no cloak)
rCorr    .         Harm     .   (no gloves)
MR       .....                  (no boots)
Stlth    ..........             C - amulet of the gourmand
Regen    0.3/turn               t - ring of positive energy
MPRegen  0.1/turn               y - ring of flight

@: mighty
A: retaliatory headbutt, horns 2
a: Renounce Religion, Evoke Flight


You were on level 6 of the Dungeon.
You worshipped Makhleb.
Makhleb was noncommittal.
You were completely stuffed.

You visited 2 branches of the dungeon, and saw 7 of its levels.

You collected 214 gold pieces.

Inventory:

Hand Weapons
 a - a +0 flail (weapon)
Armour
 b - a +0 scale mail (worn)
 c - a +0 shield
Jewellery
 t - a ring of positive energy (left hand)
 y - a ring of flight (right hand)
 C - an amulet of the gourmand (around neck)
Wands
 k - a wand of acid (5/15)
 w - a wand of clouds (5/9)
Scrolls
 i - 6 scrolls of identify {unknown}
 j - a scroll of teleportation {unknown}
 l - a scroll of random uselessness {unknown}
 m - a scroll of enchant armour {unknown}
 p - 4 scrolls of remove curse {unknown}
 v - a scroll of fear {unknown}
 B - a scroll of immolation {unknown}
 D - a scroll of recharging {unknown}
 E - a scroll of blinking {unknown}
Potions
 d - a potion of might
 e - a potion of ambrosia {unknown}
 h - a potion of agility {unknown}
 n - 2 potions of berserk rage {unknown}
 o - a potion of lignification {unknown}
 q - a potion of heal wounds {unknown}
 r - 2 potions of magic {unknown}
 x - 6 potions of curing {unknown}
 z - a potion of brilliance {unknown}
 A - a potion of cancellation {unknown}
Comestibles
 f - 5 bread rations
 g - 7 fruits
 s - 2 royal jellies
 u - 2 meat rations
 F - 5 chunks of flesh


   Skills:
 - Level 7.1 Fighting
 + Level 9.1 Maces & Flails
 + Level 7.2 Armour
 - Level 3.6 Shields


You had 7 spell levels left.
You didn't know any spells.

Dungeon Overview and Level Annotations

Branches:
Dungeon (6/15)             Temple (1/1) D:5

Altars:
Ashenzari
Cheibriados
Dithmenos
Elyvilon
Fedhas
Gozag
Hepliaklqana
Kikubaaqudgha
Makhleb
Nemelex Xobeh
Okawaru
Qazlal
Ru
Sif Muna
Trog
Uskayaw
Vehumet
Xom
Yredelemnul
Zin
The Shining One

Annotations:
D:6 zebratul's ghost, novice BaFi


Innate Abilities, Weirdness & Mutations

You reflexively headbutt those who attack you in melee.
You have a pair of horns on your head.


Message History

Zebratul's ghost hits you but does no damage.
You closely miss zebratul's ghost.
Zebratul's ghost is moderately damaged.
Zebratul's ghost hits you!
* * * LOW HITPOINT WARNING * * *
You barely miss zebratul's ghost.
Zebratul's ghost is moderately damaged.
Zebratul's ghost barely misses you.
You closely miss zebratul's ghost. You headbutt zebratul's ghost!
Zebratul's ghost is heavily damaged.
Zebratul's ghost hits you!
* * * LOW HITPOINT WARNING * * *
You closely miss zebratul's ghost.
Zebratul's ghost is heavily damaged.
Zebratul's ghost hits you!
* * * LOW HITPOINT WARNING * * *
You barely miss zebratul's ghost. You headbutt zebratul's ghost!
Zebratul's ghost is heavily damaged.
Zebratul's ghost hits you!
You die...

# #.# ( #####.####
.. #........#
...####.<....#.#
.........#.....###.
.............#.....
.........##W...#
...####..##@.#.# ..
#........# .
#####.#### #.# #.#
#.# ... ###


You could see zebratul's ghost.

Vanquished Creatures
  The ghost of cba the Covert, a novice OpAs (D:5)
  A sky beast (D:5)
  An ogre (D:4)
  2 centaurs (D:5)
  The ghost of lotsofdiagrams the Magician, an amateur DEFE (D:3)
  Blork the orc (D:5)
  A crimson imp (D:4)
  A centaur zombie (D:5)
  A quasit (D:5)
  An orc priest (D:5)
  2 hounds (D:4)
  2 orc wizards
  Jessica (D:2)
  An iguana (D:4)
  2 worker ants (D:4)
  A hound skeleton (D:4)
  A howler monkey zombie (D:3)
  4 gnolls (D:3)
  5 adders
  A howler monkey skeleton (D:4)
  An ooze (D:2)
  A worm (D:2)
  A dart slug (D:3)
  5 leopard geckos
  11 orcs
  6 giant cockroaches
  5 goblins
  3 hobgoblins
  7 jackals (D:3)
  3 quokkas
  2 ball pythons
  6 bats
  4 frilled lizards
  7 kobolds
  6 rats
99 creatures vanquished.

Notes
Turn   | Place    | Note
-------+----------+-------------------------------------------
     0 | D:1      | Kloppie the Minotaur Fighter began the quest for the Orb.
     0 | D:1      | Reached XP level 1. HP: 19/19 MP: 0/0
   384 | D:1      | Reached skill level 3 in Maces & Flails
   384 | D:1      | Reached XP level 2. HP: 27/27 MP: 1/1
   499 | D:2      | Noticed Jessica
   502 | D:2      | Killed Jessica
   502 | D:2      | Reached XP level 3. HP: 29/34 MP: 2/2
   795 | D:2      | Reached skill level 4 in Maces & Flails
  1074 | D:2      | Reached XP level 4. HP: 34/41 MP: 3/3
  1351 | D:3      | Reached skill level 5 in Fighting
  1468 | D:3      | Reached XP level 5. HP: 30/48 MP: 4/4
  1510 | D:3      | Found a hide-covered altar of Uskayaw.
  1526 | D:3      | Found a shattered altar of Ashenzari.
  1526 | D:3      | Found a blossoming altar of Fedhas.
  1549 | D:3      | Reached skill level 5 in Maces & Flails
  1594 | D:3      | Noticed lotsofdiagrams's ghost (amateur DEFE)
  1598 | D:3      | Killed lotsofdiagrams's ghost
  1604 | D:3      | Reached XP level 6. HP: 43/57 MP: 5/5
  1829 | D:4      | Reached skill level 6 in Maces & Flails
  2197 | D:4      | Reached XP level 7. HP: 66/66 MP: 6/6
  2207 | D:4      | Found a shadowy altar of Dithmenos.
  2207 | D:4      | Found a basalt altar of Yredelemnul.
  2396 | D:5      | Entered Level 5 of the Dungeon
  2404 | D:5      | Reached skill level 7 in Maces & Flails
  2449 | D:5      | Reached skill level 5 in Armour
  2540 | D:5      | Found a staircase to the Ecumenical Temple.
  2563 | Temple   | Entered the Ecumenical Temple
  2714 | Temple   | Became a worshipper of Makhleb the Destroyer
  2771 | D:5      | Noticed cba's ghost (novice OpAs)
  2778 | D:5      | Killed cba's ghost
  2778 | D:5      | Reached skill level 8 in Maces & Flails
  2778 | D:5      | Reached XP level 8. HP: 73/73 MP: 7/7
  2781 | D:5      | Noticed Blork the orc
  2785 | D:5      | Killed Blork the orc
  3111 | D:5      | Reached skill level 9 in Maces & Flails
  3315 | D:6      | Noticed zebratul's ghost (novice BaFi)
  3332 | D:6      | Slain by zebratul's ghost

Skill      XL: |  1  2  3  4  5  6  7  8 |
---------------+-------------------------+-----
Maces & Flails | 3 4 5 6 8 9 |  9.1
Fighting       | 4 5 6 7 |  7.1
Armour         | 6 7 |  7.2
Shields        | |  3.6

Action                   |  1- 3 |  4- 6 |  7- 9 || total
-------------------------+-------+-------+-------++-------
Melee: Flail             |    56 |    91 |    86 ||   233
       Headbutt          |     8 |    14 |    15 ||    37
  Use: Potion            |       |     1 |     2 ||     3
  Eat: Chunk             |       |     4 |    13 ||    17
Armor: Scale mail        |    32 |    64 |    48 ||   144
Dodge: Dodged            |    33 |    66 |    34 ||   133
